 Dungeon Crawl Stone Soup version 0.21-a0-528-gf531e82 (webtiles) character file.

399 Amnesiac the Shooter (level 6, -2/47 HPs)
             Began as a Mummy Hunter on Dec 8, 2017.
             Slain by Sigmund
             ... wielding a +4 scythe of venom
              (5 damage)
             ... on level 4 of the Dungeon.
             The game lasted 00:04:09 (3337 turns).

Amnesiac the Shooter (Mummy Hunter)                 Turns: 3337, Time: 00:04:09

Health: -2/47      AC:  5    Str: 17    XL:     6   Next: 54%
Magic:  6/6        EV: 12    Int: 10    God:
Gold:   176        SH:  0    Dex: 13    Spells: 5/5 levels left

rFire    x . .     SeeInvis .   a - +1 shortbow
rCold    + . .     Gourm    .   (shield currently unavailable)
rNeg     + + +     Faith    .   f - +0 ring mail
rPois    ∞         Spirit   .   (no helmet)
rElec    .         Reflect  .   (no cloak)
rCorr    .         Harm     .   (no gloves)
MR       .....                  (no boots)
Stlth    +.........             (no amulet)
HPRegen  0.15/turn              (no ring)
MPRegen  0.10/turn              (no ring)

@: no status effects
A: no food or potions, fire vulnerability, cold resistance 1, negative energy
resistance 3, torment resistance, unbreathing
a: no special abilities


You were on level 4 of the Dungeon.
You were not hungry.

You visited 1 branch of the dungeon, and saw 4 of its levels.

You collected 176 gold pieces.

Inventory:

Hand Weapons
 a - a +1 shortbow (weapon)
 b - a +0 spear
Missiles
 d - 5 arrows (quivered)
 e - 92 stones
 m - 31 sling bullets
 n - 3 curare-tipped needles
Armour
 f - a +0 ring mail (worn)
 g - a +0 buckler
Scrolls
 h - a scroll of fog {!r}
 i - 2 scrolls of remove curse {!r}
 j - 2 scrolls of noise {!r}
 k - 3 scrolls of fear {!r}
 l - a scroll of enchant weapon {!r}


   Skills:
 + Level 3.4 Fighting
 * Level 4.7 Bows
 + Level 2.8 Armour
 + Level 2.7 Dodging
 - Level 0.7 Stealth


You had 5 spell levels left.
You didn't know any spells.

Dungeon Overview and Level Annotations

Branches:
Dungeon (4/15)
 Temple: D:4-7

Altars:

Annotations:
D:4 Sigmund


Innate Abilities, Weirdness & Mutations

You do not eat or drink.
Your flesh is vulnerable to fire.
You are immune to poison.
Your flesh is cold resistant. (rC+)
You are immune to negative energy. (rN+++)
You are immune to unholy pain and torment.
You can survive without breathing.


Message History

Sigmund casts a spell at you. The magic dart hits you!
Firing (i - inventory. (,) - cycle):
d - 17 arrows (quivered)
Press: ? - help, Shift-Dir - straight line, f/p - Sigmund
Aim: Sigmund, wielding a scythe of venom and wearing a robe (moderately wounded)
You shoot an arrow. The arrow hits Sigmund.
Sigmund is moderately wounded.
Sigmund barely misses you.
Firing (i - inventory. (,) - cycle):
d - 16 arrows (quivered)
Press: ? - help, Shift-Dir - straight line, f/p - Sigmund
Aim: Sigmund, wielding a scythe of venom and wearing a robe (moderately wounded)
You shoot an arrow. The arrow hits Sigmund.
Sigmund is moderately wounded.
Sigmund hits you but does no damage.
Firing (i - inventory. (,) - cycle):
d - 15 arrows (quivered)
Press: ? - help, Shift-Dir - straight line, f/p - Sigmund
Aim: Sigmund, wielding a scythe of venom and wearing a robe (moderately wounded)
You shoot an arrow. The arrow barely misses Sigmund.
Firing (i - inventory. (,) - cycle):
d - 14 arrows (quivered)
Press: ? - help, Shift-Dir - straight line, f/p - Sigmund
Aim: Sigmund, wielding a scythe of venom and wearing a robe (moderately wounded)
You shoot an arrow. The arrow hits Sigmund!
Sigmund is severely wounded.
Sigmund barely misses you.
Firing (i - inventory. (,) - cycle):
d - 13 arrows (quivered)
Press: ? - help, Shift-Dir - straight line, f/p - Sigmund
Aim: Sigmund, wielding a scythe of venom and wearing a robe (severely wounded)
You shoot an arrow. The arrow closely misses Sigmund.
Sigmund hits you with a scythe of venom!
* * * LOW HITPOINT WARNING * * *
Firing (i - inventory. (,) - cycle):
d - 12 arrows (quivered)
Press: ? - help, Shift-Dir - straight line, f/p - Sigmund
Aim: Sigmund, wielding a scythe of venom and wearing a robe (severely wounded)
You shoot an arrow. The arrow closely misses Sigmund.
Firing (i - inventory. (,) - cycle):
d - 11 arrows (quivered)
Press: ? - help, Shift-Dir - straight line, f/p - Sigmund
Aim: Sigmund, wielding a scythe of venom and wearing a robe (severely wounded)
You shoot an arrow. The arrow barely misses Sigmund.
Sigmund hits you with a scythe of venom!
* * * LOW HITPOINT WARNING * * *
Firing (i - inventory. (,) - cycle):
d - 10 arrows (quivered)
Press: ? - help, Shift-Dir - straight line, f/p - Sigmund
Aim: Sigmund, wielding a scythe of venom and wearing a robe (severely wounded)
You shoot an arrow. The arrow closely misses Sigmund.
Sigmund mumbles some strange words.
Sigmund flickers and vanishes!
No target in view!
No target in view!
No target in view!
Firing (i - inventory. (,) - cycle):
d - 9 arrows (quivered)
Press: ? - help, Shift-Dir - straight line You shoot an arrow.
Something hits you.
* * * LOW HITPOINT WARNING * * *
Firing (i - inventory. (,) - cycle):
d - 8 arrows (quivered)
Press: ? - help, Shift-Dir - straight line You shoot an arrow.
Firing (i - inventory. (,) - cycle):
d - 7 arrows (quivered)
Press: ? - help, Shift-Dir - straight line You shoot an arrow.
Something hits you!
* * * LOW HITPOINT WARNING * * *
Firing (i - inventory. (,) - cycle):
d - 6 arrows (quivered)
Press: ? - help, Shift-Dir - straight line You shoot an arrow.
Something hits you.
You die...

(. #.### #!..####### ###.# ..
..!..######.......... #.# ..
#.#.#............### #.#
..####.#..###.........# #.#####.#
..?.##.#..........%...# #........
..........###.........# #######.#
#.#.##.#########...##.#########.#
#.#.##......(.(....##...........#
#.#.###########{@................
.{#.# #.###.############# ###.#
#.# #.# #.# #.# # #.# #.# #.# #.#
#.


There were no monsters in sight!

Vanquished Creatures
  A phantom (D:4)
  A scorpion (D:4)
  2 orc priests (D:3)
  A hound (D:3)
  A worker ant (D:4)
  3 gnolls (D:4)
  4 adders
  2 oozes
  3 worms
  3 dart slugs (D:2)
  A leopard gecko (D:3)
  2 orcs (D:3)
  4 ball pythons (D:1)
  9 bats
  4 giant cockroaches
  5 goblins
  5 hobgoblins
  6 jackals
  A quokka (D:3)
  5 frilled lizards
  9 kobolds
  4 rats
76 creatures vanquished.

Notes
Turn   | Place    | Note
-------+----------+-------------------------------------------
     0 | D:1      | Amnesiac the Mummy Hunter began the quest for the Orb.
     0 | D:1      | Reached XP level 1. HP: 16/16 MP: 1/1
    66 | D:1      | Reached skill level 1 in Armour
    95 | D:1      | Reached XP level 2. HP: 21/22 MP: 2/2
   452 | D:1      | Reached XP level 3. HP: 23/27 MP: 3/3
  1219 | D:2      | Found a faded altar of an unknown god.
  1694 | D:3      | Reached XP level 4. HP: 18/34 MP: 4/4
  2112 | D:3      | Reached skill level 4 in Bows
  2112 | D:3      | Reached XP level 5. HP: 34/39 MP: 5/5
  2879 | D:4      | Noticed a phantom
  2896 | D:4      | Killed a phantom
  2896 | D:4      | Reached XP level 6. HP: 47/47 MP: 6/6
  3090 | D:4      | Noticed Sigmund
  3336 | D:4      | HP: 2/47 [something (8)]
  3337 | D:4      | Slain by Sigmund

Vault maps used:
D:1:      sevenhm_arrival_forest_fort_small_3, minivault_26,
          nrook_loot_triangle, hangedman_decor_points
D:2:      chequers_ecumenical_altar_simple
D:3:      supply_closet_lemuel
D:4:      uniq_sigmund

Skill      XL: |  1  2  3  4  5 |
---------------+----------------+-----
Armour         | 1 2 |  2.8
Dodging        | 2 |  2.7
Bows           | 4 |  4.7
Fighting       | 3 |  3.4
Stealth        | |  0.7

Action                   |  1- 3 |  4- 6 || total
-------------------------+-------+-------++-------
Melee: Short sword       |    66 |    66 ||   132
       Spear             |       |    11 ||    11
 Fire: Shortbow          |    69 |   114 ||   183
Throw: Stone             |     4 |       ||     4
  Use: Scroll            |       |     6 ||     6
Armor: Leather armour    |     4 |       ||     4
       Ring mail         |    28 |    41 ||    69
Dodge: Dodged            |    77 |   103 ||   180

Table legend:
 A = Spawn XP
 B = Non-spawn XP
 C = Spawn XP percentage of total XP
 D = Spawn monster count
 E = Non-spawn monster count
 F = Spawn count percentage of total count
 G = Total turns spent on level
                    A         B        C        D         E        F      G
               +---------+---------+-------+---------+---------+-------+---------
         Total |       0 |     571 |   0.0 |       0 |      76 |   0.0 |  3337
               +---------+---------+-------+---------+---------+-------+---------
           D:1 |       0 |      50 |   0.0 |       0 |      27 |   0.0 |  1023
           D:2 |       0 |      27 |   0.0 |       0 |      11 |   0.0 |   678
           D:3 |       0 |     218 |   0.0 |       0 |      30 |   0.0 |  1199
           D:4 |       0 |     276 |   0.0 |       0 |       8 |   0.0 |   437
               +---------+---------+-------+---------+---------+-------+---------
